 Dungeon Crawl Stone Soup version 0.31-a0-925-g0a390f2509 (webtiles) character file.

Game seed: 2859566471156331964

1505 pokeman the Thaumaturge (level 8, -4/44 HPs)
             Began as a Deep Elf Hedge Wizard on Oct 18, 2023.
             Was an Initiate of Vehumet.
             Slain by an ogre
             ... wielding a +0 giant club
              (10 damage)
             ... on level 5 of the Dungeon.
             The game lasted 00:13:06 (4687 turns).

pokeman the Thaumaturge (Deep Elf Hedge Wizard)     Turns: 4687, Time: 00:13:07

Health: -4/44      AC:  4    Str:  7    XL:     8   Next: 52%
Magic:  25/33      EV: 13    Int: 22    God:    Vehumet [......]
Gold:   23         SH:  0    Dex: 14    Spells: 16/27 levels left

rFire   . . .        v - +2 whip (freeze)
rCold   . . .        (no shield)
rNeg    . . .        b - +0 robe
rPois   .            E - +1 helmet of the Equator {rElec}
rElec   +            (no cloak)
rCorr   .            (no gloves)
SInv    .            (no boots)
Will    .....        o - amulet of magic regeneration
Stlth   ++           k - ring of magical power
HPRegen 0.27/turn    l - +4 ring of slaying
MPRegen 0.63/turn

%: no passive effects
@: no status effects
A: no striking features
a: Renounce Religion


You were on level 5 of the Dungeon.
You worshipped Vehumet.
Vehumet was noncommittal.
You visited 1 branch of the dungeon, and saw 5 of its levels.

You collected 239 gold pieces.
You spent 216 gold pieces at shops.

Inventory:

Hand Weapons
 v - a +2 whip of freezing (weapon)
Missiles
 u - 3 throwing nets
Armour
 b - a +0 robe (worn)
 E - the +1 helmet of the Equator (worn) {rElec}
   (You bought it in a shop on level 3 of the Dungeon)

   rElec:     It insulates you from electricity.
Magical Staves
 q - a staff of earth
Jewellery
 k - a ring of magical power (left hand)
 l - a +4 ring of slaying (right hand)
 n - a ring of willpower
 o - an amulet of magic regeneration (around neck)
 B - a +6 ring of intelligence
Wands
 r - a wand of flame (23)
 w - a wand of paralysis (7)
 z - a wand of iceblast (1)
Scrolls
 e - 7 scrolls of identify {unknown}
 f - a scroll of noise {unknown}
 g - 4 scrolls of teleportation {unknown}
 i - 3 scrolls of fog {unknown}
 j - a scroll of vulnerability {unknown}
 m - 4 scrolls of revelation {unknown}
 x - 2 scrolls of poison {unknown}
 y - a scroll of summoning {unknown}
 A - 2 scrolls of amnesia {unknown}
 C - a scroll of brand weapon {unknown}
Potions
 a - 2 potions of curing
 d - 2 potions of magic
 h - 2 potions of attraction {unknown}
 p - a potion of brilliance {unknown}
 s - a potion of heal wounds {unknown}
 t - 2 potions of might {unknown}
 D - a potion of degeneration {unknown}


   Skills:
 - Level 2.0 Fighting
 + Level 1.5 Armour
 - Level 3.0 Dodging
 - Level 3.1 Stealth
 * Level 10.0 Spellcasting
 + Level 5.4 Conjurations
 - Level 1.1 Summonings
 - Level 1.1 Translocations
 - Level 1.0 Air Magic
 + Level 4.3 Earth Magic
 - Level 1.0 Poison Magic
 - Level 1.2 Evocations


You had 16 spell levels left.
You knew the following spells:

 Your Spells              Type           Power      Damage    Failure   Level
a - Magic Dart            Conj           100%       1d8       1%          1
b - Mephitic Cloud        Conj/Pois/Air  21%        N/A       7%          3
c - Call Imp              Summ           30%        N/A       6%          2
d - Blink                 Tloc           30%        N/A       6%          2
e - Stone Arrow           Conj/Erth      64%        3d11      2%          3

Your spell library contained the following spells:

 Spells                   Type           Power      Damage    Failure   Level
 Sandblast                Erth           60%        2d14      1%          1
 Apportation              Tloc           30%        N/A       3%          1
 Summon Small Mammal      Summ           60%        N/A       3%          1
 Passwall                 Tmut/Erth      16%        N/A       3%          2
 Slow                     Hex            44%        N/A       6%          1
 Cigotuvi's Dreadful Rot  Necr/Pois/Air  28%        N/A       7%          2
 Brom's Barrelling Bould  Conj/Erth      32%        2d5       8%          4
 Jinxbite                 Hex            22%        N/A       9%          2
 Call Canine Familiar     Summ           15%        N/A       12%         3
 Summon Guardian Golem    Hex/Summ       13%        N/A       14%         3
 Alistair's Intoxication  Tmut/Pois      8%         N/A       80%         5


Dungeon Overview and Level Annotations

Branches:
Dungeon (5/15)
 Temple: D:4-7

Altars:
Dithmenos
Qazlal
Vehumet
Xom

Shops:
D:2 (   D:3 *   D:4 *?


Message History

You feel ready to blink again.
Your Spellcasting skill increases to level 10!
Casting: Stone Arrow (dangerous; 2% risk of failure)
Confirm with . or Enter, or press ? or * to list all spells.
Aiming: Magic Dart (safe; 1% risk of failure)
Press: ? - help, Shift-Dir - straight line, f - orc
Aim: an orc, wielding a +0 club (lightly wounded, confused, 100% to hit)
The magic dart hits the orc.
You kill the orc!
Vehumet accepts your kill.
Casting: Magic Dart (safe; 1% risk of failure)
Confirm with . or Enter, or press ? or * to list all spells.
You can't see any susceptible monsters within range! (Use Z to cast anyway.) Unknown command.
Found 13 gold pieces and Ozocubu's Autobiography.
You see here a +0 hand axe.
The killer bee barely misses itself.
Casting: Magic Dart (safe; 1% risk of failure)
Confirm with . or Enter, or press ? or * to list all spells.
Aiming: Magic Dart (safe; 1% risk of failure)
Press: ? - help, Shift-Dir - straight line, f - killer bee
Aim: a killer bee (severely wounded, confused, 100% to hit)
The magic dart hits the killer bee.
You kill the killer bee!
Vehumet accepts your kill.
Unknown command.
A worm, a river rat, an ogre and a black bear come into view.
The ogre shouts!
Casting: Magic Dart (safe; 1% risk of failure)
Confirm with . or Enter, or press ? or * to list all spells.
Aiming: Mephitic Cloud (dangerous; 7% risk of failure)
Press: ? - help, Shift-Dir - straight line, f - ogre
Aim: an ogre, wielding a +0 giant club (chance to affect: 77%)
The ball explodes into a vile cloud!
The stinking cloud engulfs the ogre but does no damage.
The stinking cloud engulfs the black bear but does no damage.
The stinking cloud engulfs you but does no damage.
You hear an angry hiss. x2
The ogre is engulfed in noxious fumes.
The ogre hits you with a +0 giant club!
You die...

# # #.##.#..:. .. #.
#.#......
#.#.##.#..#...
$.....#......
#...........
####.......#
........h#.#######.#
.......#O).........#
.......#☼@....###..
.......#.......#
.w.....#...).#.##
r......#.....#..#.#
.......#...).##.#.##
#.########.†.......#
##.....#..#
#.....#.. #.....#


You could see a black bear and an ogre.

Vanquished Creatures
  Pikel (D:4)
  A black bear (D:5)
  2 ogres
  3 lemures (D:4)
  A scorpion (D:5)
  3 killer bees (D:5)
  2 hounds
  A jelly (D:5)
  3 orc priests
  5 orc wizards
  7 gnolls (D:3)
  4 adders
  4 dart slugs
  19 orcs
  6 ball pythons
  8 bats
  9 endoplasms
  2 giant cockroaches
  7 goblins
  7 hobgoblins
  3 jackals (D:1)
  5 quokkas
  4 frilled lizards
  4 kobolds
  4 rats
115 creatures vanquished.

Vanquished Creatures (collateral kills)
  A lemure (D:4)
  A killer bee (D:5)
2 creatures vanquished.

Grand Total: 117 creatures vanquished

Notes
Turn   | Place    | Note
-------+----------+-------------------------------------------
     0 | D:1      | pokeman the Deep Elf Hedge Wizard began the quest for the
                  | Orb.
     0 | D:1      | Reached XP level 1. HP: 10/10 MP: 7/7
    85 | D:1      | Found a faded altar of an unknown god.
   286 | D:1      | Reached XP level 2. HP: 16/16 MP: 3/9
   796 | D:1      | Reached skill level 5 in Spellcasting
  1116 | D:1      | Reached XP level 3. HP: 20/20 MP: 4/11
  1123 | D:1      | Learned a level 3 spell: Mephitic Cloud
  1126 | D:1      | Learned a level 2 spell: Call Imp
  1129 | D:1      | Learned a level 2 spell: Blink
  1745 | D:2      | Reached skill level 1 in Fighting
  1745 | D:2      | Reached skill level 1 in Armour
  1815 | D:2      | Found Egagy's Antique Weapon Shoppe.
  1995 | D:2      | HP: 1/20 [hound (3)]
  1998 | D:2      | Reached XP level 4. HP: 3/25 MP: 5/13
  2575 | D:3      | Found Wamaqida's Assorted Antiques.
  2590 | D:3      | Reached skill level 6 in Spellcasting
  2590 | D:3      | Reached XP level 5. HP: 29/29 MP: 15/15
  3243 | D:3      | Reached skill level 1 in Evocations
  3278 | D:3      | Reached skill level 1 in Poison Magic
  3278 | D:3      | Reached XP level 6. HP: 12/34 MP: 17/17
  3290 | D:3      | Reached skill level 1 in Earth Magic
  3509 | D:4      | Noticed Pikel
  3556 | D:4      | Killed Pikel
  3557 | D:4      | Reached skill level 8 in Spellcasting
  3557 | D:4      | Reached XP level 7. HP: 19/38 MP: 21/21
  3727 | D:4      | Reached skill level 1 in Air Magic
  3781 | D:4      | Learned a level 3 spell: Stone Arrow
  3817 | D:4      | Found a radiant altar of Vehumet.
  3824 | D:4      | Became a worshipper of Vehumet
  3847 | D:4      | Found a shimmering altar of Xom.
  3888 | D:4      | Found a stormy altar of Qazlal.
  3925 | D:4      | Found a shadowy altar of Dithmenos.
  3998 | D:4      | Found Naoraeza's Magic Scroll Emporium.
  4115 | D:4      | Reached skill level 9 in Spellcasting
  4211 | D:4      | Reached XP level 8. HP: 43/43 MP: 23/23
  4235 | D:4      | Found Osaun's Fire Supplies.
  4457 | D:3      | Bought a scroll labelled MOUSHR NAESSAUMP for 19 gold
                  | pieces
  4457 | D:3      | Bought a glowing golden potion for 17 gold pieces
  4457 | D:3      | Bought a heavily runed helmet for 180 gold pieces
  4457 | D:3      | Identified the +1 helmet of the Equator {rElec} (You bought
                  | it in a shop on level 3 of the Dungeon)
  4545 | D:5      | Entered Level 5 of the Dungeon
  4655 | D:5      | Reached skill level 5 in Conjurations
  4671 | D:5      | HP: 2/44 [orc/+0 club (3)]
  4679 | D:5      | Reached skill level 10 in Spellcasting
  4687 | D:5      | Slain by an ogre

Illustrated notes

Levels and vault maps discovered:
D:1:      elethiomel_arrival_shortcut, layout_loops_ring,
          chequers_ecumenical_altar_simple, minmay_pentomino_t2
D:2:      layout_loops_cross, serial_shops, shop
D:3:      layout_loops_corners, serial_shops, nicolae_shop_behind_doors
D:4:      layout_loops_ring, nicolae_overflow_quartered_altars,
          nicolae_shop_fire_sale [nicolae_sub_dead_trees],
          nicolae_stop_n_shop_2, kennysheep_generic_room_8, uniq_pikel
D:5:      lemuel_ice_spiral_2, layout_basic, ebering_ghost_sewer_f,
          gup_sewer_entry_bubbles

Skill      XL: |  1  2  3  4  5  6  7  8 |
---------------+-------------------------+-----
Spellcasting   | 5 6 8 9 10 | 10.0
Fighting       | 1 2 |  2.0
Armour         | 1 |  1.5
Conjurations   | 2 3 4 5 |  5.4
Stealth        | 3 |  3.1
Dodging        | 3 |  3.0
Evocations     | 1 |  1.2
Poison Magic   | 1 |  1.0
Earth Magic    | 3 4 |  4.3
Air Magic      | 1 |  1.0
Summonings     | |  1.1
Translocations | |  1.1

Action                     |  1- 3 |  4- 6 |  7- 9 || total
---------------------------+-------+-------+-------++-------
  Melee: Dagger            |       |    34 |       ||    34
         Whip              |       |       |    18 ||    18
         Punch             |       |       |     1 ||     1
   Cast: Magic Dart        |   131 |   123 |    45 ||   299
         Mephitic Cloud    |       |    11 |     7 ||    18
         Call Imp          |       |     2 |       ||     2
         Blink             |       |     1 |     1 ||     2
         Stone Arrow       |       |       |    12 ||    12
    Use: Potion            |       |       |     1 ||     1
   Stab: Confused          |       |     5 |       ||     5
 Armour: Robe              |    23 |    32 |    16 ||    71
  Dodge: Dodged            |    19 |    36 |    16 ||    71

Table legend: (Time is in decaauts)
 A = Elapsed time spent in this place.
 B = Non-inter-level travel time spent in this place.
 C = Inter-level travel time spent in this place.
 D = Time resting spent in this place.
 E = Time spent auto-exploring this place.
 F = Levels seen in this place.
 G = Mean time per level.
                   A        B        C        D        E       F      G
               +--------+--------+--------+--------+--------+-----+--------+
         Total |   4687 |   4401 |    286 |    113 |   3516 |   5 |  937.4 |
       Dungeon |   4687 |   4401 |    286 |    113 |   3516 |   5 |  937.4 |
               +--------+--------+--------+--------+--------+-----+--------+

Top non-repeatable levels by time:
     D:1: 1426 daAuts
     D:3: 1182 daAuts
     D:2: 1071 daAuts
     D:4: 865 daAuts
     D:5: 142 daAuts
